 Dungeon Crawl Stone Soup version 0.32-a0-961-gd60f5e5fc7 (webtiles) character file.

Game seed: 7146948917767505554

67 ezpacito the Trooper (level 4, 0/35 HPs)
             Began as a Coglin Chaos Knight on Apr 18, 2024.
             Was a Plaything of Xom.
             Slain by an orc
             ... wielding a +0 flail
              (5 damage)
             ... on level 3 of the Dungeon.
             The game lasted 00:01:32 (1362 turns).

ezpacito the Trooper (Coglin Chaos Knight)          Turns: 1362, Time: 00:01:32

Health: 0/35       AC:  9    Str: 13    XL:     4   Next: 18%
Magic:  4/4        EV:  9    Int: 18    God:    Xom [...*..]
Gold:   52         SH:  0    Dex: 12    Spells: 3/3 levels left

rFire   . . .        a - +0 hand axe (chaos) {Leofdaeg}
rCold   . . .        k - +1 dagger (venom) {Tamao}
rNeg    . . .        o - +1 ring mail of the Dungeon {Int+2}
rPois   .            (no helmet)
rElec   .            (no cloak)
rCorr   .            i - +2 pair of gloves {Stlth+}
SInv    .            (no boots)
Will    +....        (amulet unavailable)
Stlth   ++           (ring unavailable)
HPRegen 1.05/turn    (ring unavailable)
MPRegen 0.09/turn    (no gizmo)

%: no passive effects
@: mighty, attractive, revved
A: off-hand wielding, slow wielding, warmup strikes, no jewellery, clever 1,
strong-willed 1, regeneration 1
a: Invent Gizmo, Renounce Religion


You were on level 3 of the Dungeon.
You worshipped Xom.
You were a favourite toy of Xom.
You visited 1 branch of the dungeon, and saw 3 of its levels.

You collected 52 gold pieces.

Inventory:

Hand Weapons
 a - a +0 hand axe of chaos (weapon) {Leofdaeg}
 k - a +1 dagger of venom (offhand) {Tamao}
Armour
 b - a +2 helmet
 i - a +2 pair of gloves of stealth (worn)
 o - the +1 ring mail of the Dungeon (worn) {Int+2}
   (You found it on level 2 of the Dungeon)

   Int+2:     It affects your intelligence (+2).
Talismans
 l - a granite talisman
Wands
 n - a wand of charming (10)
Scrolls
 c - a scroll of butterflies
 e - a scroll of noise {unknown}
 j - 3 scrolls of identify {unknown}
 m - a scroll of fear {unknown}
Potions
 d - a potion of curing {unknown}
 h - a potion of magic {unknown}


   Skills:
 * Level 3.4 Fighting
 * Level 3.3(3.5) Axes
 * Level 1.2(2.3) Polearms
 * Level 2.0 Armour
 * Level 1.6 Dodging
 + Level 0.4 Stealth
 + Level 0.4 Spellcasting
 + Level 0.1 Evocations
 + Level 0.1 Shapeshifting


You had 3 spell levels left.
You didn't know any spells.
Your spell library contained the following spells:

 Spells                   Type           Power      Damage    Failure   Level
 Apportation              Tloc           0%         N/A       41%         1
 Shock                    Conj/Air       0%         1d3       41%         1
 Slow                     Hex            0%         N/A       41%         1
 Sting                    Conj/Alch      0%         1d3       41%         1
 Jinxbite                 Hex            0%         N/A       56%         2
 Mercury Vapours          Alch/Air       0%         N/A       56%         2
 Mephitic Cloud           Conj/Alch/Air  0%         N/A       80%         3
 Swiftness                Air            0%         N/A       80%         3
 Airstrike                Air            0%         2d(0-16)  99%         4
 Alistair's Intoxication  Alch           0%         N/A       100%        5
 Freezing Cloud           Conj/Ice/Air   0%         6-21      100%        5
 Chain Lightning          Conj/Air       0%         N/A       100%        9


Dungeon Overview and Level Annotations

Branches:
Dungeon (3/15)

Altars:


Innate Abilities, Weirdness & Mutations

You can wield a second weapon in your off-hand.
It takes a long time for you to wield or remove held weapons.
Your first few attacks do less damage.
You cannot equip rings or amulets.
Your mind is acute. (Int +4, Str/Dex -1)
You are strong-willed. (Will+)
Your natural rate of healing is unusually fast.


Message History

You hit the orc but do no damage.
You hit the orc with your +0 hand axe of chaos.
You feel better.
You hit the orc with your +0 hand axe of chaos.
You burn the orc.
You hit the orc priest with your +1 dagger of venom.
The orc barely misses you. x2
The orc priest mumbles some strange prayers to Beogh against you.
Beogh smites you!
* * * LOW HITPOINT WARNING * * *
The orc hits you but does no damage.
You take 7 damage, and have 5/35 hp.
It was a potion of might.
You feel very mighty all of a sudden. The orc closely misses you.
The orc barely misses you.
The orc priest hits you with a +0 hand axe.
* * * LOW HITPOINT WARNING * * *
The orc barely misses you.
You take 2 damage, and have 3/35 hp.
You closely miss the orc priest with your +0 hand axe of chaos.
The orc priest is heavily wounded.
You hit the orc with your +0 hand axe of chaos.
You freeze the orc.
You kill the orc!
You barely miss the orc with your +0 hand axe of chaos. x2
You closely miss the orc priest with your +1 dagger of venom.
The orc priest mumbles some strange prayers to Beogh against you.
You resist with some effort. The orc closely misses you.
The orc barely misses you.
You hit the orc priest with your +1 dagger of venom.
The orc priest is poisoned.
The orc priest is severely wounded.
You slash the orc priest with your +0 hand axe of chaos!
You kill the orc priest!
You slash the orc with your +0 hand axe of chaos!
You kill the orc!
You closely miss the orc with your +0 hand axe of chaos.
The orc hits you with a +0 flail.
You die...
Xom yawns loudly!

# #.....#
#.##.....#
#........####..
####...........
................
.........#######
.....###$######
..... #......#
..... #@)###.#
..##...))o# #.
#......#
.....#.#.#
#.....< [.
##...#. .#! #.
... .#. ##+ #.
.. .


You could see an orc.

Vanquished Creatures
  An orc priest (D:3)
  3 adders (D:2)
  A dart slug (D:1)
  A ribbon worm (D:2)
  2 orcs (D:3)
  5 ball pythons
  4 endoplasms
  2 giant cockroaches
  2 hobgoblins
  4 quokkas
  A bat (D:1)
  A frilled lizard (D:3)
  3 goblins
  4 kobolds
  3 rats
37 creatures vanquished.

Notes
Turn   | Place    | Note
-------+----------+-------------------------------------------
     0 | D:1      | ezpacito the Coglin Chaos Knight began the quest for the
                  | Orb.
     0 | D:1      | Reached XP level 1. HP: 18/18 MP: 1/1
    14 | D:1      | XOM: silly message
    35 | D:1      | Reached skill level 1 in Dodging
    53 | D:1      | Reached XP level 2. HP: 24/24 MP: 2/2
   212 | D:1      | XOM: god gift: +2 pair of gloves of stealth
   634 | D:2      | Reached XP level 3. HP: 29/29 MP: 3/3
   656 | D:2      | XOM: 1-stop teleportation journey
   688 | D:2      | Reached skill level 1 in Polearms
   896 | D:2      | Got the Cyclopedia of Portents and the Discharge
   958 | D:2      | Identified the +1 ring mail of the Dungeon {Int+2}
  1021 | D:2      | Reached XP level 4. HP: 33/35 MP: 4/4
  1160 | D:2      | XOM: give mutations
  1160 | D:2      | Gained mutation: You are strong-willed. (Will+) [Xom's
                  | grace]
  1160 | D:2      | Gained mutation: Your mind is acute. (Int +4, Str/Dex -1)
                  | [Xom's grace]
  1160 | D:2      | Gained mutation: Your natural rate of healing is unusually
                  | fast. [Xom's grace]
  1249 | D:2      | Found a faded altar of an unknown god.
  1362 | D:3      | Slain by an orc

Illustrated notes

Levels and vault maps discovered:
D:1:      minmay_arrival_glassed_features, layout_basic
D:2:      layout_loops_cross, ebering_ecumenical_altar_sacrificial
D:3:      layout_basic, minivault_24, nicolae_hexahallways

Skill      XL: |  1  2  3 |
---------------+----------+-----
Dodging        | 1 |  1.6
Polearms       | 1 |  1.2
Armour         | 2 |  2.0
Fighting       | |  3.4
Axes           | |  3.3
Stealth        | |  0.4
Spellcasting   | |  0.4
Evocations     | |  0.1
Shapeshifting  | |  0.1

Action                     |  1- 3 |  4- 6 || total
---------------------------+-------+-------++-------
  Melee: Hand axe          |    65 |    13 ||    78
         Dagger            |    61 |    14 ||    75
    Use: Potion            |       |     2 ||     2
   Stab: Sleeping          |     3 |       ||     3
 Armour: Leather armour    |    26 |       ||    26
         Ring mail         |       |    19 ||    19
  Dodge: Dodged            |    35 |    15 ||    50

Table legend: (Time is in decaauts)
 A = Elapsed time spent in this place.
 B = Non-inter-level travel time spent in this place.
 C = Inter-level travel time spent in this place.
 D = Time resting spent in this place.
 E = Time spent auto-exploring this place.
 F = Levels seen in this place.
 G = Mean time per level.
                   A        B        C        D        E       F      G
               +--------+--------+--------+--------+--------+-----+--------+
         Total |   1367 |   1231 |    136 |      0 |    981 |   3 |  455.7 |
       Dungeon |   1367 |   1231 |    136 |      0 |    981 |   3 |  455.7 |
               +--------+--------+--------+--------+--------+-----+--------+

Top non-repeatable levels by time:
     D:2: 709 daAuts
     D:1: 628 daAuts
     D:3: 29 daAuts
